| TOP OF THE 1ST |
|
Havana Conejitos batting - Pitching for La Ceiba Manatees : RHP Alex Escano
|
|
Pitching: RHP Alex Escano
|
|
|
Batting: RHB Ulises Infante
|
0-0: Foul Ball, location: 2F 0-1: Ball 1-1: Ball 2-1: Called Strike 2-2: Ball 3-2: Foul Ball, location: 2F 3-2: Fly out, F6 (Popup, 6M, EV 79.4 MPH)
|
|
Batting: RHB Luis Gonzalez
|
0-0: Ball 1-0: SOLO HOME RUN (Flyball, 7D, EV 102.5 MPH), Distance : 376 ft
|
|
Batting: LHB Jim Bennett
|
0-0: Called Strike 0-1: Foul Ball, location: 2F 0-2: Ball 1-2: Ball 2-2: SINGLE (Line Drive, 89S, EV 104.4 MPH)
|
|
Batting: LHB Michael Wishnevski
|
0-0: Ground out 3-1 (Groundball, 34S, EV 85.0 MPH) Jim Bennett to second
|
|
Batting: LHB Donald Mazzilli
|
0-0: Ball 1-0: Called Strike 1-1: Ball 2-1: Ball 3-1: Foul Ball, location: 2F 3-2: DOUBLE (Groundball, 3L, EV 103.8 MPH) Jim Bennett scores
|
|
Batting: SHB Dan Hanggie
|
0-0: Called Strike 0-1: Ball 1-1: Swinging Strike 1-2: Ground out 3-1 (Groundball, 34S, EV 89.4 MPH)
|
| Top of the 1st over - 2 runs, 3 hits, 0 errors, 1 left on base; Havana 2 - La Ceiba 0 |
| BOTTOM OF THE 1ST |
|
La Ceiba Manatees batting - Pitching for Havana Conejitos : RHP Jayden Britz
|
|
Pitching: RHP Jayden Britz
|
|
|
Batting: SHB Alex Ortiz
|
0-0: Ball 1-0: Foul Ball, location: 2F 1-1: Swinging Strike 1-2: Foul Ball, location: 2F 1-2: Ball 2-2: Strikes out swinging
|
|
Batting: LHB Ernesto Quevedo
|
0-0: Called Strike 0-1: Swinging Strike 0-2: Foul Ball, location: 2F 0-2: Strikes out swinging
|
|
Batting: RHB Juan Villa
|
0-0: Foul Ball, location: 2F 0-1: Fly out, F8 (Flyball, 8RM, EV 92.5 MPH)
|
| Bottom of the 1st over - 0 runs, 0 hits, 0 errors, 0 left on base; Havana 2 - La Ceiba 0 |
| TOP OF THE 2ND |
|
Havana Conejitos batting - Pitching for La Ceiba Manatees : RHP Alex Escano
|
|
Batting: RHB Bill Lindsey
|
0-0: Swinging Strike 0-1: Ball 1-1: Ball 2-1: Swinging Strike 2-2: Strikes out looking
|
|
Batting: SHB Julio Estrada
|
0-0: Ball 1-0: Ground out 6-3 (Groundball, 6, EV 84.4 MPH)
|
|
Batting: RHB Ramon Borrero
|
0-0: Called Strike 0-1: Ball 1-1: Ball 2-1: Ball 3-1: Ground out 4-3 (Groundball, 4S, EV 84.4 MPH)
|
| Top of the 2nd over - 0 runs, 0 hits, 0 errors, 0 left on base; Havana 2 - La Ceiba 0 |
| BOTTOM OF THE 2ND |
|
La Ceiba Manatees batting - Pitching for Havana Conejitos : RHP Jayden Britz
|
|
Batting: LHB Al Chambers
|
0-0: Called Strike 0-1: Ball 1-1: Ball 2-1: Ball 3-1: Base on Balls
|
|
Batting: SHB George D Wright
|
0-0: Ball 1-0: Fly out, F8 (Flyball, 8LM, EV 95.6 MPH)
|
|
Batting: LHB Steve Lyons
|
0-0: Ball 1-0: Ball 2-0: Called Strike 2-1: 2-RUN HOME RUN (Flyball, 78XD, EV 107.5 MPH), Distance : 403 ft
|
|
Batting: SHB Mark Pirruccello
|
0-0: Ball 1-0: Ground out 6-3 (Groundball, 6, EV 78.1 MPH)
|
|
Batting: SHB Terry Pendleton
|
0-0: Called Strike 0-1: Fly out, F9 (Line Drive, 9S, EV 100.6 MPH)
|
| Bottom of the 2nd over - 2 runs, 1 hit, 0 errors, 0 left on base; Havana 2 - La Ceiba 2 |
| TOP OF THE 3RD |
|
Havana Conejitos batting - Pitching for La Ceiba Manatees : RHP Alex Escano
|
|
Batting: RHB Ulises Infante
|
0-0: Ball 1-0: Ball 2-0: Ball 3-0: Base on Balls
|
|
Batting: RHB Luis Gonzalez
|
0-0: Called Strike 0-1: Swinging Strike 0-2: Ball 1-2: Ball 2-2: Ball 3-2: Foul Ball, location: 2F 3-2: Foul Ball, location: 2F 3-2: Strikes out swinging
|
|
Batting: LHB Jim Bennett
|
0-0: Ball 1-0: Called Strike 1-1: Fly out, F9 (Flyball, 89M, EV 92.5 MPH)
|
|
Batting: LHB Michael Wishnevski
|
0-0: Called Strike 0-1: Called Strike 0-2: Strikes out looking
|
| Top of the 3rd over - 0 runs, 0 hits, 0 errors, 1 left on base; Havana 2 - La Ceiba 2 |
| BOTTOM OF THE 3RD |
|
La Ceiba Manatees batting - Pitching for Havana Conejitos : RHP Jayden Britz
|
|
Batting: LHB Manuel Vigil
|
0-0: Ball 1-0: Swinging Strike 1-1: Foul Ball, location: 2F 1-2: SOLO HOME RUN (Flyball, 89XD, EV 96.9 MPH), Distance : 418 ft
|
|
Batting: SHB Alex Ortiz
|
0-0: Ball 1-0: Ground out 4-3 (Groundball, 4D, EV 102.5 MPH)
|
|
Batting: LHB Ernesto Quevedo
|
0-0: Ball 1-0: SOLO HOME RUN (Flyball, 78XD, EV 89.4 MPH), Distance : 405 ft
|
|
Batting: RHB Juan Villa
|
0-0: Ball 1-0: Ball 2-0: Ball 3-0: Called Strike 3-1: Base on Balls
|
|
Batting: LHB Al Chambers
|
0-0: Called Strike 0-1: Ball Juan Villa steals 2nd, throwing error, E2 Juan Villa to third 1-1: Swinging Strike 1-2: Strikes out swinging
|
|
Batting: SHB George D Wright
|
0-0: Called Strike 0-1: DOUBLE (Line Drive, 7LD, EV 110.0 MPH) Juan Villa scores
|
|
Batting: LHB Steve Lyons
|
0-0: Called Strike 0-1: Ball 1-1: Swinging Strike 1-2: Strikes out swinging
|
| Bottom of the 3rd over - 3 runs, 3 hits, 1 error, 1 left on base; Havana 2 - La Ceiba 5 |
| TOP OF THE 4TH |
|
Havana Conejitos batting - Pitching for La Ceiba Manatees : RHP Alex Escano
|
|
Batting: LHB Donald Mazzilli
|
0-0: Ball 1-0: Fly out, F9 (Flyball, 89D, EV 98.8 MPH)
|
|
Batting: SHB Dan Hanggie
|
0-0: Ground out 4-3 (Groundball, 4, EV 82.5 MPH)
|
|
Batting: RHB Bill Lindsey
|
0-0: Ball 1-0: Called Strike 1-1: Ball 2-1: Swinging Strike 2-2: Strikes out looking
|
| Top of the 4th over - 0 runs, 0 hits, 0 errors, 0 left on base; Havana 2 - La Ceiba 5 |
| BOTTOM OF THE 4TH |
|
La Ceiba Manatees batting - Pitching for Havana Conejitos : RHP Jayden Britz
|
|
Batting: SHB Mark Pirruccello
|
0-0: Called Strike 0-1: Ball 1-1: Ground out 1-3 (Groundball, 25, EV 71.3 MPH)
|
|
Batting: SHB Terry Pendleton
|
0-0: Foul Ball, location: 2F 0-1: SOLO HOME RUN (Flyball, 9LD, EV 105.6 MPH), Distance : 364 ft
|
|
Pitching: LHP Jose Perez
|
|
|
Batting: LHB Manuel Vigil
|
0-0: Called Strike 0-1: Foul Ball, location: 2F 0-2: Ball 1-2: Foul Ball, location: 2F 1-2: Ground out 6-3 (Groundball, 6, EV 83.1 MPH)
|
|
Batting: SHB Alex Ortiz
|
0-0: Ball 1-0: Ground out 4-3 (Groundball, 4, EV 108.1 MPH)
|
| Bottom of the 4th over - 1 run, 1 hit, 0 errors, 0 left on base; Havana 2 - La Ceiba 6 |
| TOP OF THE 5TH |
|
Havana Conejitos batting - Pitching for La Ceiba Manatees : RHP Alex Escano
|
|
Batting: SHB Julio Estrada
|
0-0: Called Strike 0-1: Ground out 6-3 (Groundball, 6, EV 91.3 MPH)
|
|
Batting: RHB Ramon Borrero
|
0-0: Ground out 6-3 (Groundball, 56D, EV 88.1 MPH)
|
|
Batting: RHB Ulises Infante
|
0-0: Ball 1-0: Ball 2-0: Ball 3-0: Base on Balls
|
|
Batting: RHB Luis Gonzalez
|
Pickoff Throw to First - Out! 1-3
|
| Top of the 5th over - 0 runs, 0 hits, 0 errors, 0 left on base; Havana 2 - La Ceiba 6 |
| BOTTOM OF THE 5TH |
|
La Ceiba Manatees batting - Pitching for Havana Conejitos : LHP Jose Perez
|
|
Batting: LHB Ernesto Quevedo
|
0-0: Ball 1-0: SINGLE (Groundball, 4MD, EV 105.0 MPH)
|
|
Batting: RHB Juan Villa
|
0-0: Foul Ball, location: 2F 0-1: Ball 1-1: Fly out, F8 (Flyball, 89D, EV 101.9 MPH)
|
|
Batting: LHB Al Chambers
|
0-0: Ball Passed Ball! Ernesto Quevedo to second 1-0: Ball 2-0: Ground out 6-3 (Groundball, 6, EV 91.3 MPH)
|
|
Batting: SHB George D Wright
|
0-0: Ball 1-0: Foul Ball, location: 2F 1-1: Swinging Strike 1-2: Ball 2-2: Ball 3-2: Ground out 6-3 (Groundball, 6, EV 87.5 MPH)
|
| Bottom of the 5th over - 0 runs, 1 hit, 0 errors, 1 left on base; Havana 2 - La Ceiba 6 |
| TOP OF THE 6TH |
|
Havana Conejitos batting - Pitching for La Ceiba Manatees : RHP Alex Escano
|
|
Batting: RHB Luis Gonzalez
|
0-0: Called Strike 0-1: Ball 1-1: Ball 2-1: Ground out 6-3 (Groundball, 6, EV 101.9 MPH)
|
|
Batting: LHB Jim Bennett
|
0-0: Ball 1-0: Ball 2-0: Ball 3-0: Base on Balls
|
|
Batting: LHB Michael Wishnevski
|
0-0: Swinging Strike 0-1: Ball 1-1: Ball 2-1: Foul Ball, location: 2F 2-2: Ball 3-2: Base on Balls Jim Bennett to second
|
|
Batting: LHB Donald Mazzilli
|
0-0: Foul Ball, location: 2F 0-1: Foul Ball, location: 2F 0-2: Foul Ball, location: 2F 0-2: Fly out, F7 (Line Drive, 7, EV 103.8 MPH)
|
|
Batting: SHB Dan Hanggie
|
0-0: Ball 1-0: Ball Wild Pitch! Jim Bennett to third Michael Wishnevski to second 2-0: Called Strike 2-1: SINGLE (Line Drive, 78M, EV 99.4 MPH) Jim Bennett scores Michael Wishnevski to third Runner from 3rd tries for Home, SAFE, throw by CF to home
|
|
Batting: RHB Bill Lindsey
|
0-0: Foul Ball, location: 2F 0-1: Ground out 4-3 (Groundball, 34, EV 82.5 MPH)
|
| Top of the 6th over - 2 runs, 1 hit, 0 errors, 1 left on base; Havana 4 - La Ceiba 6 |
| BOTTOM OF THE 6TH |
|
La Ceiba Manatees batting - Pitching for Havana Conejitos : LHP Jose Perez
|
|
Batting: LHB Steve Lyons
|
0-0: Ball 1-0: Ball 2-0: Ball 3-0: Called Strike 3-1: Called Strike 3-2: Strikes out swinging
|
|
Batting: SHB Mark Pirruccello
|
0-0: Called Strike 0-1: Foul Ball, location: 2F 0-2: Fly out, F7 (Flyball, 7S, EV 81.3 MPH)
|
|
Batting: SHB Terry Pendleton
|
0-0: Ball 1-0: Foul Ball, location: 2F 1-1: Ball 2-1: Foul Ball, location: 2F 2-2: Ball 3-2: Base on Balls
|
|
Batting: LHB Manuel Vigil
|
0-0: Called Strike 0-1: Ball 1-1: Foul Ball, location: 2F 1-2: Ball 2-2: SINGLE (Groundball, 56S, EV 75.0 MPH) (infield hit) Terry Pendleton to second
|
|
Batting: SHB Alex Ortiz
|
0-0: Fielders Choice at 2nd, 6-4 (Groundball, 56D, EV 95.0 MPH)
|
| Bottom of the 6th over - 0 runs, 1 hit, 0 errors, 2 left on base; Havana 4 - La Ceiba 6 |
| TOP OF THE 7TH |
|
Havana Conejitos batting - Pitching for La Ceiba Manatees : RHP Alex Escano
|
|
Batting: SHB Julio Estrada
|
0-0: Called Strike 0-1: Ball 1-1: Ground out 6-3 (Groundball, 6, EV 90.6 MPH)
|
|
Batting: RHB Ramon Borrero
|
0-0: Ball 1-0: Called Strike 1-1: Ground out 6-3 (Groundball, 6, EV 89.4 MPH)
|
|
Batting: RHB Ulises Infante
|
0-0: Ball 1-0: Ball 2-0: Ground out 6-3 (Groundball, 56D, EV 110.0 MPH)
|
| Top of the 7th over - 0 runs, 0 hits, 0 errors, 0 left on base; Havana 4 - La Ceiba 6 |
| BOTTOM OF THE 7TH |
|
La Ceiba Manatees batting - Pitching for Havana Conejitos : LHP Jose Perez
|
|
Batting: LHB Ernesto Quevedo
|
0-0: Swinging Strike 0-1: Foul Ball, location: 2F 0-2: Ball 1-2: Foul Ball, location: 2F 1-2: Ball 2-2: Ball 3-2: SINGLE (Groundball, 6M, EV 108.1 MPH) (infield hit)
|
|
Batting: RHB Juan Villa
|
0-0: Ball 1-0: Foul Ball, location: 2F 1-1: Foul Ball, location: 2F 1-2: Foul Ball, location: 2F 1-2: Ball 2-2: Foul Ball, location: 2F 2-2: Ball 3-2: Foul Ball, location: 2F 3-2: TRIPLE (Line Drive, 8LXD, EV 102.5 MPH) Ernesto Quevedo scores
|
|
Batting: LHB Al Chambers
|
0-0: Ball 1-0: Swinging Strike 1-1: Ball 2-1: Ground out U3 (Groundball, 3, EV 87.5 MPH)
|
|
Batting: SHB George D Wright
|
0-0: Intentional Walk
|
|
Batting: LHB Steve Lyons
|
0-0: Ball 1-0: Foul Ball, location: 2F 1-1: Ball 2-1: Fielders Choice at 2nd, 4-6 (Groundball, 4, EV 91.9 MPH) Juan Villa scores
|
|
Batting: SHB Mark Pirruccello
|
0-0: Ball 1-0: Fly out, F9 (Flyball, 9D, EV 83.1 MPH)
|
| Bottom of the 7th over - 2 runs, 2 hits, 0 errors, 1 left on base; Havana 4 - La Ceiba 8 |
| TOP OF THE 8TH |
|
Havana Conejitos batting - Pitching for La Ceiba Manatees : RHP Alex Escano
|
|
Batting: RHB Luis Gonzalez
|
0-0: Called Strike 0-1: Swinging Strike 0-2: Ball 1-2: Foul Ball, location: 2F 1-2: Foul Ball, location: 2F 1-2: Ball 2-2: Ground out 4-3 (Groundball, 4, EV 88.1 MPH)
|
|
Batting: LHB Jim Bennett
|
0-0: Swinging Strike 0-1: Ball 1-1: Ball 2-1: Swinging Strike 2-2: Ground out 4-3 (Groundball, 4, EV 81.3 MPH)
|
|
Batting: LHB Michael Wishnevski
|
0-0: Ground out 4-3 (Groundball, 34D, EV 95.6 MPH)
|
| Top of the 8th over - 0 runs, 0 hits, 0 errors, 0 left on base; Havana 4 - La Ceiba 8 |
| BOTTOM OF THE 8TH |
|
La Ceiba Manatees batting - Pitching for Havana Conejitos : LHP Jose Perez
|
|
Batting: SHB Terry Pendleton
|
0-0: Called Strike 0-1: Ball 1-1: SINGLE (Flyball, 8RS, EV 88.1 MPH)
|
|
Pitching: RHP Eddie Hook
|
|
|
Batting: LHB Manuel Vigil
|
0-0: Bunted foul 0-1: Sac Bunt to 15 - play at first, batter OUT! 1-4 Terry Pendleton to second
|
|
Batting: SHB Alex Ortiz
|
0-0: Called Strike 0-1: Called Strike 0-2: Ball 1-2: Ball 2-2: Strikes out swinging
|
|
Batting: LHB Ernesto Quevedo
|
0-0: Ball 1-0: Ball 2-0: Foul Ball, location: 2F 2-1: Swinging Strike 2-2: Strikes out looking
|
| Bottom of the 8th over - 0 runs, 1 hit, 0 errors, 1 left on base; Havana 4 - La Ceiba 8 |
| TOP OF THE 9TH |
|
Havana Conejitos batting - Pitching for La Ceiba Manatees : RHP Alex Escano
|
|
Batting: LHB Donald Mazzilli
|
0-0: Foul Ball, location: 2F 0-1: Swinging Strike 0-2: SINGLE (Line Drive, 89S, EV 90.0 MPH)
|
|
Pitching: RHP John Stuper
|
|
|
Batting: SHB Dan Hanggie
|
0-0: Ball 1-0: Swinging Strike 1-1: Hit by Pitch Donald Mazzilli to second
|
|
Pitching: LHP Bob Ojeda
|
|
|
Batting: RHB Bill Lindsey
|
0-0: Ball 1-0: Called Strike 1-1: Ball Wild Pitch! Donald Mazzilli to third Dan Hanggie to second 2-1: Swinging Strike 2-2: Strikes out swinging
|
|
Batting: SHB Julio Estrada
|
0-0: Fly out, F7 (Flyball, 7D, EV 84.4 MPH) Runner from 3rd tags up, SCORES, no throw by LF
|
|
Batting: RHB Ramon Borrero
|
0-0: Ball 1-0: Ball 2-0: Foul Ball, location: 2F 2-1: Ground out 6-3 (Groundball, 6, EV 88.1 MPH)
|
| Top of the 9th over - 1 run, 1 hit, 0 errors, 1 left on base; Havana 5 - La Ceiba 8 |
|